 Dungeon Sprint DCSS version 0.30-a0-596-g0af90f9a20 (webtiles) character file.

Game seed: 6057048748529471899

17488 mhtbhm the Brawler (level 12, -18/144 HPs)
             Began as a Troll Transmuter on Jan 7, 2023.
             Was an Initiate of Gozag.
             Demolished by a vampire knight
             ... wielding a +2 halberd
              (34 damage)
             ... in the Dungeon (Sprint VII: "The Pits").
             The game lasted 00:08:58 (2029 turns).

mhtbhm the Brawler (Troll Transmuter)               Turns: 2029, Time: 00:08:58

Health: -18/144    AC:  6    Str: 27 (28) XL:     12   Next: 19%
Magic:  23/23      EV: 15    Int:  9      God:    Gozag
Gold:   1997       SH:  0    Dex:  9 (10) Spells: 17/27 levels left

rFire   x . .      SeeInvis .      - Unarmed
rCold   + + +      Faith    .    (shield currently unavailable)
rNeg    . . .      Spirit   .    (body armour currently unavailable)
rPois   +          Reflect  .    (helmet currently unavailable)
rElec   .          Harm     .    (cloak currently unavailable)
rCorr   .          Rampage  .    (gloves unavailable)
Will    .....      NoTele   +    (boots unavailable)
Stlth   ++                       (no amulet)
HPRegen 1.24/turn                e - +3 ring of strength
MPRegen 0.18/turn                l - +3 ring of evasion

@: ice-form, wereblooded, gold aura
A: freezing attack, amphibious, boosted hp, large, unfitting armour, (claws 3),
regeneration 1, (shaggy fur 1), (tough skin 1)
a: End Transformation, Renounce Religion, Potion Petition, Call Merchant, Bribe
Branch


You were in the Dungeon.
You worshipped Gozag.
Gozag was most pleased with you.
You were a creature of crystalline ice.
You visited 1 branch You collected 7320 gold pieces.
You spent 2279 gold pieces at shops.
You paid 3044 gold pieces to Gozag.

Inventory:

Armour
 a - the +3 robe of Clouds (melded) {*Thunder rCloud rElec}
   (You bought it in a shop in the Dungeon)

   It occasionally creates storm clouds above nearby enemies.
   It grants its wearer immunity to clouds.
   rElec:     It insulates you from electricity.
Jewellery
 e - a +3 ring of strength (left front paw)
 l - a +3 ring of evasion (right front paw)
 v - a ring of see invisible
 w - a ring of flight
 x - an amulet of guardian spirit
 y - the ring of Shadows {Umbra +Inv Stlth+}
   (You found it in the Dungeon)

   [ring of stealth]

   It surrounds you with an aura of shadow, increasing your stealth and reducing
   the accuracy of all others within it.
   +Inv:      It lets you turn invisible.
   Stlth:     It makes you more stealthy.
Wands
 p - a wand of roots (12)
Scrolls
 h - 3 scrolls of blinking
 j - 5 scrolls of amnesia
 k - a scroll of summoning
 o - 3 scrolls of enchant weapon
 r - 4 scrolls of identify
 u - 3 scrolls of fear
Potions
 b - 2 potions of lignification
 c - 9 potions of curing
 d - 9 potions of heal wounds
 f - 3 potions of magic
 g - 2 potions of berserk rage
 i - 3 potions of invisibility
 m - 6 potions of mutation
 q - a potion of attraction
 s - a potion of might
 t - 2 potions of haste
Miscellaneous
 n - a lightning rod (inert)


   Skills:
 + Level 8.2 Fighting
 + Level 10.0 Dodging
 + Level 4.1 Stealth
 + Level 19.6 Unarmed Combat
 + Level 8.2 Spellcasting
 + Level 9.0 Transmutations
 + Level 4.7 Ice Magic
 + Level 0.3 Poison Magic
 + Level 5.2 Evocations


You had 17 spell levels left.
You knew the following spells:

 Your Spells              Type           Power      Damage    Failure   Level
a - Beastly Appendage     Tmut           40%        N/A       1%          1
b - Wereblood             Tmut           20%        N/A       1%          2
c - Spider Form           Tmut/Pois      12%        N/A       8%          3
d - Ice Form              Ice/Tmut       16%        N/A       11%         4

Your spell library contained the following spells:

 Spells                   Type           Power      Damage    Failure   Level


Dungeon Overview and Level Annotations

Branches:
Dungeon (1/1)

Altars:
Ashenzari
Cheibriados
Dithmenos
Elyvilon
Fedhas
Gozag
Hepliaklqana
Kikubaaqudgha
Makhleb
Nemelex Xobeh
Okawaru
Qazlal
Ru
Sif Muna
Trog
Uskayaw
Vehumet
Wu Jian
Xom
Yredelemnul
Zin
The Shining One
Jiyva
Lugonu

Shops:
D **[*


Innate Abilities, Weirdness & Mutations

You are a creature of crystalline ice.
You have a powerful freezing melee attack.
You are amphibious.
Your maximum health is increased.
Your armour is entirely melded.
You are incapable of wielding weapons or throwing items.
You are too large for most types of armour.
((You have claws for hands.))
Your natural rate of healing is unusually fast.
((You are covered in fur. (AC +1)))
((You have tough skin. (AC +1)))


Message History

The lightning rod is presently inert.
Unknown command.
Magic courses through your body.
You feel sick. Something hits you but does no damage. Something hits you!
The iron troll completely misses you.
The iron troll claws you but does no damage.
The iron troll claws you!
Okay, then.
You feel much better.
You feel sick.
The jumping spider is no longer distracted by gold.
Something hits you!!
The jumping spider pounces on you but does no damage.
The jumping spider bites you but does no damage.
The iron troll bites you!
* * * LOW HITPOINT WARNING * * *
The iron troll claws you!
* * * LOW HITPOINT WARNING * * *
The iron troll claws you!!
* * * LOW HITPOINT WARNING * * *
Unknown command.
Unknown command.
Okay, then.
You feel much better.
You feel sick.
You are no longer poisoned.
Something hits you!!
* * * LOW HITPOINT WARNING * * *
The jumping spider closely misses you.
The jumping spider bites you but does no damage.
Something barely misses you.
As you read the scroll of fear, it crumbles to dust.
You assume a fearsome visage.
The jumping spider looks frightened!
The iron troll looks frightened!
The sphinx looks frightened!
The naga warrior looks frightened! x2; The jumping spider leaps!
Something hits you!!
* * * LOW HITPOINT WARNING * * *
The jumping spider leaps!
Unknown command.
You feel much better. Something hits you!!
You die...
Your body crumbles into a pile of gold.

#..#....#..#
+..........#
+..........#
#..#....#..#
#..........+
#..........+
###''####''#
###''####''#########
#..Y○.°##...........
#.#T##s##....)......
#.#.{ .##..#########
# H})# ##..# #N$N
#..# #++##########
+|.#. #.)#
........##..# ##+#.
#..# .#......##..#
##..# ......∩.''..#
#..#


You could see a sphinx (fleeing), an iron troll (fleeing), 2 naga warriors and a
jumping spider (fleeing).

Vanquished Creatures
  An emperor scorpion (D)
  A ghost moth (D)
  Erolcha (D)
  A death knight (D)
  A naga warrior (D)
  A two-headed ogre (D)
  3 death yaks (D)
  A naga sharpshooter (D)
  A spriggan (D)
  A sun demon (D)
  A shadow wraith (D)
  A swamp dragon (D)
  2 sea snakes (D)
  3 deep elf pyromancers (D)
  An elephant (D)
  A black mamba (D)
  An orange demon (D)
  A molten gargoyle (D)
  A guardian serpent (D)
  2 unseen horrors (D)
  2 efreet (D)
  Psyche (D)
  An ice devil (D)
  A hornet (D)
  A troll (D)
  A tarantella (D)
  Grinder (D)
  5 blink frogs (D)
  2 redbacks (D)
  A warg (D)
  3 nagas (D)
  A water moccasin (D)
  A floating eye (D)
  2 swamp drakes (D)
  An ogre (D)
  A black bear (D)
  3 centaurs (D)
  A kobold brigand (D)
  A gnoll sergeant (D)
  A necrophage (D)
  2 bullfrogs (D)
  A scorpion (D)
  A crimson imp (D)
  A jelly (D)
  A quasit (D)
  2 orc priests (D)
  An iguana (D)
  A mummy (D)
  5 gnolls (D)
  An adder (D)
  2 river rats (D)
  A white imp (D)
  An ufetubus (D)
  An adder skeleton (D)
  A worm (D)
  3 orcs (D)
  A bat skeleton (D)
  An endoplasm (D)
  2 hobgoblins (D)
  2 kobolds (D)
  A ball python zombie (D)
  2 bat simulacra (D)
  2 goblins (D)
  A rat (D)
94 creatures vanquished.

Vanquished Creatures (others)
  A gnoll (D)
1 creature vanquished.

Grand Total: 95 creatures vanquished

Notes
Turn   | Place    | Note
-------+----------+-------------------------------------------
     0 | D        | mhtbhm the Troll Transmuter began the quest for the Orb.
     0 | D        | Reached XP level 1. HP: 18/18 MP: 1/1
    21 | D        | Found a bloodstained altar of Trog.
    21 | D        | Found a shimmering blue altar of Sif Muna.
    21 | D        | Found a viscous altar of Jiyva.
    21 | D        | Found a hazy altar of Hepliaklqana.
    21 | D        | Found an opulent altar of Gozag.
    22 | D        | Found a glowing golden altar of the Shining One.
    22 | D        | Found a glowing silver altar of Zin.
    22 | D        | Found a basalt altar of Yredelemnul.
    22 | D        | Found a shimmering altar of Xom.
    22 | D        | Found an ornate altar of the Wu Jian Council.
    22 | D        | Found a sacrificial altar of Ru.
    22 | D        | Found a stormy altar of Qazlal.
    22 | D        | Found an iron altar of Okawaru.
    22 | D        | Found a sparkling altar of Nemelex Xobeh.
    22 | D        | Found a burning altar of Makhleb.
    22 | D        | Found a blossoming altar of Fedhas.
    22 | D        | Found a white marble altar of Elyvilon.
    22 | D        | Found a shadowy altar of Dithmenos.
    22 | D        | Found a snail-covered altar of Cheibriados.
    24 | D        | Found a radiant altar of Vehumet.
    24 | D        | Found a corrupted altar of Lugonu.
    25 | D        | Found a hide-covered altar of Uskayaw.
    25 | D        | Found an ancient bone altar of Kikubaaqudgha.
    25 | D        | Found a broken altar of Ashenzari.
    29 | D        | Became a worshipper of Gozag Ym Sagoz the Greedy
   187 | D        | Reached skill level 4 in Unarmed Combat
   191 | D        | Reached XP level 2. HP: 26/26 MP: 0/3
   195 | D        | Reached skill level 1 in Fighting
   231 | D        | Learned a level 2 spell: Wereblood
   236 | D        | Noticed a warg
   239 | D        | Reached skill level 5 in Unarmed Combat
   241 | D        | Killed a warg
   242 | D        | Reached skill level 7 in Unarmed Combat
   242 | D        | Reached XP level 3. HP: 26/35 MP: 0/6
   242 | D        | Reached XP level 4. HP: 32/42 MP: 0/7
   242 | D        | Reached XP level 5. HP: 37/49 MP: 0/8
   259 | D        | Learned a level 3 spell: Spider Form
   336 | D        | Noticed a floating eye
   357 | D        | Paralysed by a floating eye for 3 turns
   361 | D        | Killed a floating eye
   362 | D        | Reached skill level 8 in Unarmed Combat
   364 | D        | Noticed an ogre
   365 | D        | Noticed a centaur
   376 | D        | Killed a centaur
   377 | D        | Reached skill level 9 in Unarmed Combat
   377 | D        | Reached XP level 6. HP: 52/59 MP: 2/10
   380 | D        | Reached skill level 10 in Unarmed Combat
   400 | D        | Reached skill level 1 in Stealth
   402 | D        | Noticed a troll
   406 | D        | Killed a troll
   407 | D        | Reached skill level 5 in Dodging
   407 | D        | Reached skill level 11 in Unarmed Combat
   407 | D        | Reached skill level 5 in Transmutations
   407 | D        | Reached XP level 7. HP: 54/67 MP: 4/12
   409 | D        | Noticed Grinder
   414 | D        | Killed Grinder
   423 | D        | Reached skill level 12 in Unarmed Combat
   423 | D        | Reached XP level 8. HP: 68/78 MP: 5/13
   486 | D        | Learned a level 4 spell: Ice Form
   488 | D        | Noticed a death knight
   488 | D        | Noticed a black mamba
   493 | D        | Killed a black mamba
   506 | D        | Killed a death knight
   507 | D        | Reached skill level 5 in Fighting
   507 | D        | Reached skill level 13 in Unarmed Combat
   507 | D        | Reached skill level 5 in Spellcasting
   507 | D        | Reached skill level 1 in Ice Magic
   647 | D        | Noticed a sea snake
   655 | D        | Killed a sea snake
   656 | D        | Reached skill level 14 in Unarmed Combat
   656 | D        | Reached XP level 9. HP: 88/88 MP: 9/16
   731 | D        | Bought a scroll of blinking for 90 gold pieces
   731 | D        | Bought a lightning rod (4/4) for 360 gold pieces
   873 | D        | Noticed a swamp dragon
   874 | D        | Noticed Erolcha
   883 | D        | Killed a swamp dragon
   884 | D        | Reached skill level 15 in Unarmed Combat
   885 | D        | Killed Erolcha
   886 | D        | Reached XP level 10. HP: 66/98 MP: 11/18
  1082 | D        | Bought an embroidered robe for 96 gold pieces
  1083 | D        | Bought the +3 robe of Clouds {*Thunder rCloud rElec} for
                  | 772 gold pieces
  1083 | D        | Found the +3 robe of Clouds {*Thunder rCloud rElec}
  1092 | D        | Noticed a deep elf pyromancer
  1097 | D        | Noticed Psyche
  1100 | D        | Killed a deep elf pyromancer
  1101 | D        | Reached skill level 16 in Unarmed Combat
  1107 | D        | Noticed a spriggan rider
  1114 | D        | Killed a spriggan rider
  1115 | D        | Reached skill level 1 in Evocations
  1117 | D        | Killed Psyche
  1213 | D        | Noticed a naga warrior
  1213 | D        | Noticed a naga sharpshooter
  1213 | D        | Noticed an elephant
  1213 | D        | Noticed an emperor scorpion
  1218 | D        | Reached skill level 17 in Unarmed Combat
  1219 | D        | Noticed a two-headed ogre
  1222 | D        | Killed an elephant
  1223 | D        | Reached XP level 11. HP: 107/107 MP: 17/20
  1230 | D        | Killed an emperor scorpion
  1232 | D        | Killed a two-headed ogre
  1235 | D        | Killed a naga warrior
  1237 | D        | Killed a naga sharpshooter
  1238 | D        | Reached skill level 18 in Unarmed Combat
  1436 | D        | Bought a potion of invisibility for 264 gold pieces
  1436 | D        | Bought a scroll labelled FEGAHA ARUH for 33 gold pieces
  1436 | D        | Bought a blackened gold wand for 132 gold pieces
  1436 | D        | Bought a wand of roots (6) for 475 gold pieces
  1436 | D        | Bought a clear potion for 29 gold pieces
  1438 | D        | Noticed a deep elf pyromancer
  1440 | D        | Noticed a sea snake
  1440 | D        | Killed a deep elf pyromancer
  1447 | D        | Killed a shadow wraith
  1458 | D        | Killed a sea snake
  1560 | D        | Found the ring of Shadows {Umbra +Inv Stlth+}
  1652 | D        | Bought a scroll of identify for 28 gold pieces
  1823 | D        | Noticed a deep elf pyromancer
  1823 | D        | Noticed a death yak
  1823 | D        | Noticed a death yak
  1823 | D        | Noticed a death yak
  1830 | D        | Killed a death yak
  1834 | D        | Killed a death yak
  1835 | D        | Reached skill level 19 in Unarmed Combat
  1837 | D        | Killed a death yak
  1844 | D        | Killed a deep elf pyromancer
  1845 | D        | Reached skill level 5 in Evocations
  1845 | D        | Reached XP level 12. HP: 92/119 MP: 18/23
  1948 | D        | Killed a ghost moth
  1949 | D        | Reached skill level 10 in Dodging
  2020 | D        | Noticed a sphinx
  2020 | D        | Noticed a vampire knight
  2020 | D        | Noticed a naga warrior
  2020 | D        | Noticed a naga warrior
  2026 | D        | HP: 1/144 [iron troll (21)]
  2029 | D        | Demolished by a vampire knight

Illustrated notes

Levels and vault maps discovered:
D:        pitsprint [storerooms_1, entrance_room_1, metal_vault_4, armoury_1,
          mini_pit_1, grid_room_1, main_hall_1, silver_pit, the_coven_1,
          the_vestibule_1, steel_vault_3, golden_pit, hallway_of_sentries,
          crystal_vault_5, iron_vault_2, final_vault]

Skill      XL: |  1  2  3  4  5  6  7  8  9 10 11 12 |
---------------+-------------------------------------+-----
Dodging        | 2 3 4 5 6 7 8 9 10 | 10.0
Unarmed Combat | 4 7 9 11 12 14 15 17 19 | 19.6
Fighting       | 1 2 3 4 5 6 8 |  8.2
Transmutations | 3 4 5 6 7 8 9 |  9.0
Spellcasting   | 2 3 4 5 6 7 8 |  8.2
Stealth        | 1 2 3 4 |  4.1
Ice Magic      | 1 2 3 4 |  4.7
Evocations     | 1 5 |  5.2
Poison Magic   | |  0.3

Action                   |  1- 3 |  4- 6 |  7- 9 | 10-12 || total
-------------------------+-------+-------+-------+-------++-------
Melee: Unarmed           |    23 |    25 |    65 |    95 ||   208
       Kick              |     1 |     5 |       |     7 ||    13
       Headbutt          |     1 |     1 |       |     4 ||     6
       Punch             |       |     1 |       |     5 ||     6
 Cast: Wereblood         |     1 |     1 |     5 |     8 ||    15
       Beastly Appendage |     1 |     1 |       |     3 ||     5
       Spider Form       |       |     1 |       |       ||     1
       Ice Form          |       |       |     4 |     5 ||     9
Invok: Call Merchant     |       |       |     1 |     3 ||     4
Evoke: Lightning rod     |       |       |       |    24 ||    24
  Use: Potion            |       |     1 |     4 |     6 ||    11
       Scroll            |       |       |       |     3 ||     3
 Stab: Distracted        |       |       |     1 |       ||     1
       Sleeping          |       |       |       |     1 ||     1
Armor: Robe              |     8 |     6 |     1 |     6 ||    21
       Skin              |       |       |    16 |    16 ||    32
Dodge: Dodged            |    17 |    16 |    27 |    54 ||   114

Table legend: (Time is in decaauts)
 A = Elapsed time spent in this place.
 B = Non-inter-level travel time spent in this place.
 C = Inter-level travel time spent in this place.
 D = Time resting spent in this place.
 E = Time spent auto-exploring this place.
 F = Levels seen in this place.
 G = Mean time per level.
                   A        B        C        D        E       F      G
               +--------+--------+--------+--------+--------+-----+--------+
         Total |   1947 |   1947 |      0 |    820 |     58 |   1 | 1947.0 |
       Dungeon |   1947 |   1947 |      0 |    820 |     58 |   1 | 1947.0 |
               +--------+--------+--------+--------+--------+-----+--------+

Top non-repeatable levels by time:
       D: 1947 daAuts
